 Dungeon Crawl Stone Soup version 0.28-a0-683-ga8797d1ae1 (webtiles) character file.

Game seed: 14974859598586092814

2 nukaronaldo the Magician (level 1, 0/13 HPs)
             Began as a Demonspawn Hedge Wizard on Oct 18, 2021.
             Slain by a kobold (3 damage)
             ... on level 1 of the Dungeon.
             The game lasted 00:01:03 (267 turns).

nukaronaldo the Magician (Demonspawn Hedge Wizard)   Turns: 267, Time: 00:01:04

Health: 0/13       AC:  2    Str: 10    XL:     1   Next: 33%
Magic:  2/4        EV: 12    Int: 15    God:
Gold:   15         SH:  0    Dex: 12    Spells: 5/6 levels left

rFire   . . .      SeeInvis .   a - +0 dagger
rCold   . . .      Faith    .   (no shield)
rNeg    . . .      Spirit   .   b - +0 robe
rPois   .          Reflect  .   c - +0 hat
rElec   .          Harm     .   (no cloak)
rCorr   .          Rampage  .   (no gloves)
Will    .....                   (no boots)
Stlth   ++........              (no amulet)
HPRegen 0.04/turn               (no ring)
MPRegen 0.09/turn               (no ring)

@: very slightly contaminated
A: no striking features
a: no special abilities


You were on level 1 of the Dungeon.
You visited 1 branch of the dungeon, and saw 1 of its levels.

You collected 15 gold pieces.

Inventory:

Hand Weapons
 a - a +0 dagger (weapon)
Armour
 b - a +0 robe (worn)
 c - a +0 hat (worn)
 d - a +2 pair of boots


   Skills:
 + Level 1.7 Dodging
 + Level 1.7 Stealth
 + Level 3.1 Spellcasting
 + Level 1.0 Conjurations
 + Level 1.0 Summonings
 + Level 0.8 Translocations


You had 5 spell levels left.
You knew the following spells:

 Your Spells              Type           Power      Damage    Failure   Level
a - Magic Dart            Conj           20%        1d4       13%         1

Your spell library contained the following spells:

 Spells                   Type           Power      Damage    Failure   Level
 Call Imp                 Summ           5%         N/A       21%         2
 Blink                    Tloc           N/A        N/A       22%         2
 Slow                     Hex            2%         N/A       30%         2
 Conjure Flame            Conj/Fire      3%         6-21      43%         3
 Mephitic Cloud           Conj/Pois/Air  3%         N/A       45%         3


Dungeon Overview and Level Annotations

Branches:
Dungeon (1/15)

Altars:


Message History

You kill the rat!
You see here a rat corpse.
You start resting.
Magic restored.
You start resting.
HP restored.
You open the door.
There is an open door here.
As you open the door, it creaks loudly!
A kobold comes into view.
It is wielding a +2 short sword of flaming.
The kobold shouts!
There is an open door here.
Aiming: Magic Dart (safe; 13% risk of failure)
Press: ? - help, Q - select action Shift-Dir - straight line, f - kobold
Aim: a kobold, wielding a +2 short sword of flaming (100% to hit)
The magic dart hits the kobold.
The kobold is moderately wounded.
Aiming: Magic Dart (safe; 13% risk of failure)
Press: ? - help, Q - select action Shift-Dir - straight line, f/p - kobold
Aim: a kobold, wielding a +2 short sword of flaming (moderately wounded, 100% to hit)
You miscast Magic Dart.
You are very lightly contaminated with residual magic.
Nothing appears to happen.
Unknown command.
You hit the kobold but do no damage.
The kobold is moderately wounded.
The kobold hits you with a +2 short sword of flaming.
The kobold burns you.
You hit the kobold.
The kobold is severely wounded.
The kobold hits you with a +2 short sword of flaming.
The kobold burns you.
* * * LOW HITPOINT WARNING * * *
You closely miss the kobold.
The kobold is severely wounded.
The kobold closely misses you.
You closely miss the kobold.
The kobold is severely wounded.
The kobold hits you with a +2 short sword of flaming.
You die...

#.......##
.........#
#.......####
##.....###.##
###...###...##
.###.###.....##
..##'##.......##+#
...'.'.........'.+
..##'##†......##@#
.###.###.....###K#
###...###...## ...
##.....###.##
..... #.......####
....... ....<....#
.........
#.......##
##.......##
##.....##
##.....## ##...##


You could see a kobold.

Vanquished Creatures
  4 rats (D:1)
4 creatures vanquished.

Notes
Turn   | Place    | Note
-------+----------+-------------------------------------------
     0 | D:1      | nukaronaldo the Demonspawn Hedge Wizard began the quest for
                  | the Orb.
     0 | D:1      | Reached XP level 1. HP: 13/13 MP: 4/4
   267 | D:1      | Slain by a kobold

Illustrated notes

Levels and vault maps discovered:
D:1:      elethiomel_arrival_diamonds, layout_loops_corners, fountainhead

Action                   || total
-------------------------++-------
Melee: Dagger            ||     9
 Cast: Magic Dart        ||     5
Armor: Robe              ||     2
Dodge: Dodged            ||    10

Table legend: (Time is in decaauts)
 A = Elapsed time spent in this place.
 B = Non-inter-level travel time spent in this place.
 C = Inter-level travel time spent in this place.
 D = Time resting spent in this place.
 E = Time spent auto-exploring this place.
 F = Levels seen in this place.
 G = Mean time per level.
                   A        B        C        D        E       F      G
               +--------+--------+--------+--------+--------+-----+--------+
         Total |    267 |    267 |      0 |    186 |      0 |   1 |  267.0 |
       Dungeon |    267 |    267 |      0 |    186 |      0 |   1 |  267.0 |
               +--------+--------+--------+--------+--------+-----+--------+

Top non-repeatable levels by time:
     D:1: 267 daAuts
